 Dungeon Crawl Stone Soup version 0.24.0-13-gcf9b319 (webtiles) character file.

Game seed: 6287493280259155339, levelgen mode: deterministic

384528 Inchmeat the Executioner (level 22, -7/209 HPs)
             Began as a Hill Orc Gladiator on May 30, 2020.
             Was the Champion of the Shining One.
             Hit by a large rock thrown by a stone giant (36 damage)
             ... on level 4 of the Vaults on May 31, 2020.
             The game lasted 01:49:19 (61334 turns).

Inchmeat the Executioner (Hill Orc Gladiator)      Turns: 61334, Time: 01:49:20

Health: -7/209     AC: 23    Str: 30    XL:     22   Next: 96%
Magic:  32/32      EV: 12    Int: 14    God:    the Shining One [******]
Gold:   4411       SH:  0    Dex: 15    Spells: 19/21 levels left

rFire    x . .     SeeInvis .   a - +7 arbalest (velocity)
rCold    + + .     Gourm    .   (shield currently unavailable)
rNeg     + + +     Faith    .   T - +3 ice dragon scales of the Morning Star {rF- rC++ Str+2}
rPois    .         Spirit   .   c - +0 helmet
rElec    +         Reflect  .   s - scarf {cloud immunity}
rCorr    .         Harm     .   (no gloves)
MR       +....                  l - +1 pair of boots
Stlth    ..........             u - amulet of the acrobat
HPRegen  0.44/turn              L - ring of Midnight {rElec Str+4 Int+6 Stlth-}
MPRegen  0.23/turn              (no ring)

@: glowing
A: agile 1, weak 1
}: 2/15 runes: decaying, serpentine
a: Divine Shield, Cleansing Flame, Summon Divine Warrior, Renounce Religion


You were on level 4 of the Vaults.
You worshipped the Shining One.
The Shining One was exalted by your worship.
You were full.

You visited 8 branches of the dungeon, and saw 38 of its levels.
You visited the Abyss 1 time.
You also visited: Ice Cave and Volcano.

You collected 4909 gold pieces.
You spent 498 gold pieces at shops.

Inventory:

Hand Weapons
 a - a +7 arbalest of velocity (weapon)
 p - a +8 broad axe of flaming
 M - a +7 executioner's axe of holy wrath
Missiles
 b - 511 bolts (quivered)
Armour
 c - a +0 helmet (worn)
 l - a +1 pair of boots (worn)
 n - a +4 plate armour of poison resistance
 s - a scarf of cloud immunity (worn)
 v - a +3 buckler
 z - a scarf of spirit shield
 I - the +2 plate armour of Circular Logic {+Fly MP+9 Str+2}
   (You found it on level 1 of the Vaults)

   It affects your strength (+2).
   It affects your magic capacity (+9).
   It lets you fly.
 O - the -2 cloak "Xotasuf" {rPois MR+ Str+3}
   (You found it on level 1 of the Lair of Beasts)

   It affects your strength (+3).
   It protects you from poison.
   It affects your resistance to hostile enchantments.
 P - a +2 chain mail of fire resistance
 T - the +3 ice dragon scales of the Morning Star (worn) {rF- rC++ Str+2}
   (You took it off a centaur warrior on level 15 of the Dungeon)

   It affects your strength (+2).
   It makes you vulnerable to fire.
   It greatly protects you from cold.
Jewellery
 u - an amulet of the acrobat (around neck)
 y - the ring of Coronation {-Tele +Inv rF+ Str+5}
   (You found it on level 15 of the Dungeon)

   [ring of protection from fire]

   It affects your strength (+5).
   It protects you from fire.
   It lets you turn invisible.
   It prevents most forms of teleportation.
 A - an uncursed ring of resist corrosion
 L - the ring of Midnight (left hand) {rElec Str+4 Int+6 Stlth-}
   (You found it on level 15 of the Dungeon)

   [ring of attention]

   It affects your strength (+4).
   It affects your intelligence (+6).
   It insulates you from electricity.
   It makes you less stealthy.
Wands
 i - a wand of iceblast (23)
 q - a wand of acid (24)
 F - a wand of scattershot (7)
Scrolls
 d - 10 scrolls of remove curse {@r2}
 j - a scroll of fear
 k - 9 scrolls of identify {@r1}
 o - 15 scrolls of teleportation
 r - 3 scrolls of magic mapping
 t - 13 scrolls of amnesia
 w - a scroll of enchant armour
 B - 8 scrolls of fog
 N - 2 scrolls of holy word
Potions
 g - a potion of haste
 h - 6 potions of lignification
 m - a potion of magic
 x - 3 potions of mutation {!q}
 C - 7 potions of flight
 D - 3 potions of brilliance
 E - 3 potions of invisibility
 G - 3 potions of resistance
 H - 5 potions of might
 J - 5 potions of berserk rage
Comestibles
 f - 27 rations


   Skills:
 - Level 20.0 Fighting
 + Level 25.3 Axes
 - Level 18.0 Crossbows
 - Level 1.7 Throwing
 - Level 16.6 Armour
 - Level 2.4 Dodging
 - Level 4.0 Shields
 - Level 5.6 Translocations
 - Level 13.5 Invocations


You had 19 spell levels left.
You knew the following spells:

 Your Spells              Type           Power        Failure   Level  Hunger
a - Blink                 Tloc           N/A          8%          2    ###....

Your spell library contained the following spells:

 Spells                   Type           Power        Failure   Level  Hunger
 Flame Tongue             Conj/Fire      #....        45%         1    ##.....
 Magic Dart               Conj           #...         45%         1    ##.....
 Summon Small Mammal      Summ           #...         45%         1    ##.....
 Call Imp                 Summ           #.......     61%         2    ###....
 Searing Ray              Conj           #.....       61%         2    ###....
 Slow                     Hex            #.......     61%         2    ###....
 Throw Flame              Conj/Fire      #.....       61%         2    ###....
 Call Canine Familiar     Summ           #.......     83%         3    ####...
 Conjure Flame            Conj/Fire      #.......     83%         3    ####...
 Dazzling Spray           Conj/Hex       #.....       83%         3    ####...
 Inner Flame              Hex/Fire       #.......     83%         3    ####...
 Mephitic Cloud           Conj/Pois/Air  #.......     83%         3    ####...
 Summon Guardian Golem    Hex/Summ       #.......     83%         3    ####...
 Force Lance              Conj/Tloc      #.......     86%         4    #####..
 Cause Fear               Hex            #.........   99%         4    #####..
 Fulminant Prism          Conj/Hex       #.........   99%         4    #####..
 Iskenderun's Mystic Bla  Conj           #.......     99%         4    #####..
 Sticky Flame             Conj/Fire      #.......     99%         4    #####..
 Summon Ice Beast         Ice/Summ       #.......     99%         4    #####..
 Summon Lightning Spire   Summ/Air       #.......     99%         4    #####..
 Bolt of Magma            Conj/Fire/Erth #.........   100%        5    ######.
 Fireball                 Conj/Fire      #.........   100%        5    ######.
 Iskenderun's Battlesphe  Conj/Chrm      #.......     100%        5    ######.
 Silence                  Hex/Air        #.........   100%        5    ######.
 Venom Bolt               Conj/Pois      #.........   100%        5    ######.
 Yara's Violent Unravell  Hex/Tmut       #.........   100%        5    ######.
 Deflect Missiles         Chrm/Air       #.........   100%        6    #######
 Iron Shot                Conj/Erth      #.........   100%        6    #######
 Orb of Destruction       Conj           #.........   100%        7    #######
 Spellforged Servitor     Conj/Summ      #.........   100%        7    #######
 Discord                  Hex            #.........   100%        8    #######


Dungeon Overview and Level Annotations

Branches:
Dungeon (15/15)            Temple (0/1) D:4            Lair (6/6) D:9
  Swamp (4/4) Lair:2        Snake (4/4) Lair:2        Slime (0/5) Lair:5
    Orc (2/2) D:9             Elf (2/3) Orc:2        Vaults (3/5) D:14
  Crypt (1/3) Vaults:3     Depths (0/5) D:15          IceCv (visited)
Volcano (visited)

Altars:
Ashenzari
Dithmenos
Fedhas
Gozag
Hepliaklqana
Okawaru
Sif Muna
Uskayaw
Wu Jian
Xom
Yredelemnul
The Shining One
Beogh

Shops:
D:14 *   Orc:1 }   Orc:2 (!(*   Vaults:2 [

Annotations:
Lair:2 3 runed translucent doors, exclusion: 2 oklob plants, Platt's ghost, journeyman MiBe
Vaults:3 Mennas


Innate Abilities, Weirdness & Mutations

You are agile. (Dex +2)
You are weak. (Str -2)


Message History

Aim: a stone giant (lightly wounded, haloed) Ye shoot a bolt.
Tha bolt hits tha stone giant!!
Tha stone giant be heavily wounded.
Tha stone giant throws a large rock.
Tha large rock hits ye.
* * * LOW HITPOINT WARNIN'
* * * Firin' (i - inventory)
b - 513 bolts (quiv'red)
Press: ? - help, Shift-Dir - straight line, f/p - stone giant
Aim: a stone giant (heavily wounded, haloed) Ye shoot a bolt.
Tha bolt hits tha stone giant!
Tha stone giant be severely wounded.
Tha stone giant throws a large rock.
Tha large rock hits ye!!
* * * LOW HITPOINT WARNIN'
* * * Firin' (i - inventory)
b - 512 bolts (quiv'red)
Press: ? - help, Shift-Dir - straight line, f/p - stone giant
Aim: a stone giant (severely wounded, haloed) Ye shoot a bolt.
Tha bolt hits tha stone giant but does nay damage.
Tha stone giant be severely wounded.
Tha stone giant throws a large rock.
Tha large rock hits ye!!!
Ye die...

......## .....##
##...# ....##
##....# ....#
##.....# ....#
##......# ....#
##.......#
....#####........#
.................#
.........C......@#
##################


You could see a stone giant.

Vanquished Creatures
  Sojobo (Vaults:4)
  Nikola (Snake:2)
  An Ice Fiend (IceCv)
  A tentacled monstrosity (Swamp:4)
  Jorgrun (Orc:2)
  Rupert (D:14)
  Frances (Snake:2)
  Gastronok (Orc:1)
  A sphinx (Vaults:3)
  2 ancient champions (Crypt:1)
  A thorn hunter (Swamp:2)
  Kirke (D:15)
  A tengu reaver (Vaults:4)
  A shadow dragon (Elf:1)
  8 nagarajas
  A revenant (Crypt:1)
  Donald (Elf:1)
  A fire giant (D:15)
  4 frost giants
  An iron dragon (Elf:1)
  3 orc warlords (Orc:2)
  Aizul (Snake:1)
  6 ghouls (Crypt:1)
  4 vault wardens
  9 ironheart preservers
  A very ugly thing (Swamp:4)
  An entropy weaver (shapeshifter) (D:14)
  A caustic shrike skeleton (Crypt:1)
  A reaper (Vaults:3)
  4 stone giants
  2 vampire knights
  Azrael (D:14)
  4 deep elf demonologists
  Nessos (Orc:2)
  An ettin (D:15)
  Snorg (D:11)
  A deep elf annihilator (D:15)
  An eidolon (Crypt:1)
  2 fire dragons (Lair:6)
  2 green deaths (Swamp:4)
  3 deep elf death magi
  5 yaktaur captains
  A deep elf high priest (Elf:1)
  5 great orbs of eyes (D:15)
  4 ice dragons
  Harold (D:6)
  10 vault guards
  18 hydras
  2 rakshasas
  The ghost of Woodmanan the Basher, a journeyman GrFi of Okawaru (D:12)
  20 naga warriors
  6 centaur warriors
  A shambling mangrove (Swamp:3)
  An alligator snapping turtle (shapeshifter) (Vaults:1)
  6 anacondas
  29 two-headed ogres
  2 death knights
  6 death yaks (Lair:3)
  23 dancing weapons
  2 deep troll shamans (D:15)
  8 alligators
  10 ogre magi
  6 naga sharpshooters
  2 deep troll earth magi
  A titan zombie (Crypt:1)
  3 tengu warriors (D:15)
  6 shock serpents
  3 vampire magi
  15 deep elf knights
  Nergalle (Lair:2)
  6 orc high priests
  6 spriggans
  A hell knight (Volcano)
  14 skeletal warriors
  35 slime creatures
  9 unseen horrors
  A shadow dragon zombie (Crypt:1)
  3 salamander mystics
  3 swamp dragons
  14 deep elf archers
  4 ironbrand convokers
  9 naga ritualists
  3 deep trolls
  Pikel (D:9)
  3 phantasmal warriors
  A wizard (Vaults:3)
  2 lindwurms (Lair:6)
  11 orc knights
  5 necromancers
  A sphinx zombie (Vaults:3)
  5 orc sorcerers
  45 deep elf magi
  15 mana vipers
  2 oklob plants (Lair:5)
  24 ugly things
  7 salamanders
  A manticore (D:13)
  2 wolf spiders
  6 cyclopes
  11 centaur zombies
  21 elephants
  4 ice statues
  2 frost giant skeletons
  35 black mambas
  6 torpor snails
  5 vault sentinels
  4 guardian serpents
  A smoke demon (Volcano)
  2 gargoyles
  A dire elephant zombie (Crypt:1)
  24 naga magi
  16 spiny frogs
  3 orange demons (Swamp:4)
  5 rime drakes
  4 freezing wraiths
  3 human zombies (Vaults:3)
  A kobold demonologist (D:12)
  16 yaktaurs
  4 komodo dragons
  13 ice devils (IceCv)
  5 anaconda simulacra (IceCv)
  2 efreet
  15 tyrant leeches
  A merfolk (D:9)
  A meliai (D:15)
  20 hornets
  3 large abominations (Swamp:4)
  A polar bear (shapeshifter) (D:14)
  15 trolls
  A raiju (shapeshifter) (D:14)
  17 blink frogs
  10 bog bodies
  A harpy skeleton (Crypt:1)
  6 dream sheep (Lair:6)
  7 hippogriffs
  A tarantella zombie (Crypt:1)
  4 air elementals
  9 shadows
  A redback (shapeshifter) (Elf:2)
  An ettin skeleton (Crypt:1)
  A vampire (D:12)
  47 yaks
  9 wraiths
  3 wyverns
  4 fire elementals
  6 basilisks
  9 fire bats (Volcano)
  A water elemental (Elf:1)
  2 golden eyes (shapeshifter)
  2 dire elephant simulacra (IceCv)
  Grum (D:11)
  3 steam dragons (Lair:6)
  A harpy simulacrum (IceCv)
  An iron troll simulacrum (IceCv)
  5 hungry ghosts
  4 vampire mosquitoes
  4 wargs (Orc:2)
  A soldier ant (D:13)
  16 insubstantial wisps
  15 swamp worms
  A hydra simulacrum (IceCv)
  79 nagas
  3 hell hounds
  3 acid dragons
  A water nymph zombie (Crypt:1)
  Duvessa (D:4)
  6 water moccasins
  4 porcupines
  36 orc warriors
  2 slaves (D:9)
  A monstrous demonspawn skeleton (Crypt:1)
  2 ice beasts
  3 black bears
  A manticore zombie (Crypt:1)
  3 eyes of draining
  4 swamp drakes
  A sky beast (D:14)
  5 necrophages
  A hornet zombie (D:15)
  14 wolves
  47 ogres
  4 boggarts
  14 crocodiles
  A big kobold (shapeshifter) (Vaults:1)
  21 bullfrogs
  5 big kobolds
  An earth elemental (Elf:1)
  Dowan (D:4)
  4 scorpions
  A human simulacrum (Vaults:3)
  11 wights
  2 electric eels (Lair:5)
  9 howler monkeys
  6 crimson imps
  7 lava snakes
  A bullfrog zombie (D:13)
  6 jellies
  6 hounds
  Crazy Yiuf (D:7)
  A gnoll shaman (D:5)
  25 orc priests
  4 centaur skeletons
  8 iguanas
  17 orc wizards
  3 polar bear simulacra (Lair:4)
  12 worker ants
  2 yak simulacra (Lair:4)
  4 wolf simulacra (Lair:4)
  A killer bee zombie (D:7)
  A hound zombie (D:11)
  A hound skeleton (D:4)
  2 worker ant zombies
  17 gnolls
  A howler monkey skeleton (D:9)
  9 adders
  2 shadow imps
  2 adder zombies
  An adder skeleton (D:4)
  3 worms
  2 dart slugs
  6 leopard geckos
  115 orcs
  11 giant cockroaches
  2 goblins
  9 hobgoblins
  23 jackals
  5 quokkas
  A ball python (D:3)
  7 bats
  6 frilled lizards
  25 kobolds
  3 leopard gecko skeletons
  5 rats
  2 river rat simulacra (Lair:4)
  6 briar patches (Swamp:2)
  2 crawling corpses (Vaults:1)
  9 fungi
  7 plants
1636 creatures vanquished.

Vanquished Creatures (collateral kills)
  A tengu reaver (Vaults:4)
  2 hydras (Swamp:4)
  A two-headed ogre (Vaults:4)
  A deep elf archer (Elf:1)
  3 deep trolls
  A swamp dragon (Swamp:4)
  2 slime creatures (Swamp:4)
  An orange demon (Swamp:4)
12 creatures vanquished.

Vanquished Creatures (others)
  A naga warrior (Snake:4)
  A deep elf knight (Vaults:1)
  An ugly thing (Swamp:4)
  3 humans (D:15)
  A boggart (D:15)
  An orc priest (Vaults:1)
  26 fungi
  6 plants
40 creatures vanquished.

Grand Total: 1688 creatures vanquished

Notes
Turn   | Place    | Note
-------+----------+-------------------------------------------
     0 | D:1      | Inchmeat the Hill Orc Gladiator began the quest for the
                  | Orb.
     0 | D:1      | Reached XP level 1. HP: 18/18 MP: 1/1
   165 | D:1      | Reached XP level 2. HP: 15/25 MP: 2/2
   532 | D:1      | Reached skill level 5 in Axes
   670 | D:1      | Reached XP level 3. HP: 30/30 MP: 3/3
  1556 | D:3      | Reached skill level 6 in Axes
  1909 | D:3      | Reached XP level 4. HP: 35/37 MP: 4/4
  2115 | D:3      | Reached skill level 7 in Axes
  2185 | D:3      | Reached XP level 5. HP: 39/42 MP: 5/5
  2336 | D:3      | Noticed a big kobold
  2358 | D:3      | Killed a big kobold
  2358 | D:3      | Reached skill level 1 in Shields
  2707 | D:4      | Found a blossoming altar of Fedhas.
  2708 | D:4      | Found a glowing golden altar of the Shining One.
  2708 | D:4      | Found a basalt altar of Yredelemnul.
  2710 | D:4      | Found an opulent altar of Gozag.
  2712 | D:4      | Found an iron altar of Okawaru.
  2720 | D:4      | Reached skill level 8 in Axes
  2720 | D:4      | Reached XP level 6. HP: 40/50 MP: 6/6
  2723 | D:4      | Became a worshipper of the Shining One
  2853 | D:4      | Noticed Dowan
  2855 | D:4      | Noticed Duvessa
  3246 | D:4      | Found an opulent altar of Gozag.
  3672 | D:4      | Found a staircase to the Ecumenical Temple.
  3816 | D:4      | Killed Dowan
  3821 | D:4      | Killed Duvessa
  3821 | D:4      | Reached skill level 9 in Axes
  3821 | D:4      | Reached XP level 7. HP: 31/56 MP: 7/7
  4089 | D:5      | Entered Level 5 of the Dungeon
  4299 | D:5      | Reached * piety under the Shining One
  4301 | D:5      | Reached skill level 10 in Axes
  4639 | D:5      | Reached XP level 8. HP: 41/62 MP: 8/8
  4973 | D:6      | Reached skill level 11 in Axes
  5383 | D:6      | Found an iron altar of Okawaru.
  5531 | D:6      | Reached skill level 12 in Axes
  6148 | D:6      | Reached skill level 13 in Axes
  6641 | D:6      | Reached XP level 9. HP: 68/68 MP: 9/9
  6727 | D:7      | Noticed Harold
  6738 | D:7      | Paralysed by Harold for 7 turns
  6755 | D:7      | Paralysed by Harold for 3 turns
  7087 | D:6      | Reached skill level 14 in Axes
  7180 | D:7      | Paralysed by Harold for 4 turns
  7197 | D:6      | Paralysed by Harold for 4 turns
  7207 | D:6      | Killed Harold
  7207 | D:6      | Reached skill level 15 in Axes
  7818 | D:7      | Reached ** piety under the Shining One
  7967 | D:7      | Reached skill level 16 in Axes
  8103 | D:7      | Found a runed translucent door.
  8104 | D:7      | Noticed Crazy Yiuf
  8215 | D:7      | Killed Crazy Yiuf
  8440 | D:8      | Reached skill level 1 in Invocations
  8456 | D:8      | Reached XP level 10. HP: 74/77 MP: 11/11
  8964 | D:9      | Found a staircase to the Orcish Mines.
  9028 | D:9      | Reached skill level 5 in Fighting
  9092 | D:9      | Noticed a cyan ugly thing
  9382 | D:9      | Noticed an unseen horror
  9402 | D:9      | Killed an unseen horror
  9978 | D:9      | Found a staircase to the Lair.
  9996 | D:10     | Entered Level 10 of the Dungeon
 10021 | D:10     | Reached skill level 5 in Invocations
 10184 | D:10     | Noticed a two-headed ogre
 10197 | D:10     | Killed a two-headed ogre
 10200 | D:10     | Reached *** piety under the Shining One
 10461 | D:10     | Reached skill level 10 in Fighting
 10467 | D:10     | Reached XP level 11. HP: 72/101 MP: 14/14
 11293 | D:11     | Noticed Snorg
 11320 | D:11     | Killed Snorg
 11817 | D:11     | Noticed a green ugly thing
 11828 | D:11     | Killed a green ugly thing
 12105 | D:11     | Paralysed by a hornet for 3 turns
 12484 | D:11     | Identified a scroll of acquirement
 12635 | D:11     | Noticed an eight-headed hydra
 12644 | D:11     | Killed a two-headed hydra
 12700 | D:11     | Noticed Grum
 12715 | D:11     | Killed Grum
 13172 | D:12     | Noticed an unseen horror
 13177 | D:12     | Killed an unseen horror
 13319 | D:12     | Reached **** piety under the Shining One
 13330 | D:12     | Noticed a soul eater
 13333 | D:12     | Reached XP level 12. HP: 118/118 MP: 15/15
 13651 | D:12     | Reached skill level 15 in Fighting
 13652 | D:12     | Reached skill level 1 in Armour
 13671 | D:12     | Found a runed translucent gate.
 13671 | D:12     | Found a runed translucent gate.
 13671 | D:12     | Found a runed translucent gate.
 13671 | D:12     | Noticed Woodmanan's ghost (journeyman GrFi)
 13908 | D:12     | Killed Woodmanan's ghost
 14123 | D:13     | Noticed a two-headed ogre
 14128 | D:13     | Killed a two-headed ogre
 14176 | D:13     | Reached skill level 5 in Armour
 14629 | D:13     | Noticed a two-headed ogre
 14639 | D:13     | Killed a two-headed ogre
 14871 | D:13     | Noticed a two-headed ogre
 14890 | D:13     | Killed a two-headed ogre
 15491 | D:14     | Noticed Azrael
 15699 | D:14     | Reached skill level 1 in Crossbows
 15849 | D:14     | Noticed a seven-headed hydra
 15854 | D:14     | Killed a three-headed hydra
 16023 | D:14     | Found an opulent altar of Gozag.
 16041 | D:14     | Found Roagem's Serpentskin Sales.
 16041 | D:14     | Noticed a naga sharpshooter
 16052 | D:14     | Killed a naga sharpshooter
 16052 | D:14     | Reached XP level 13. HP: 91/126 MP: 19/19
 16299 | D:14     | Noticed a vault guard
 16303 | D:14     | Reached skill level 5 in Crossbows
 16314 | D:14     | Killed a vault guard
 16314 | D:14     | Reached ***** piety under the Shining One
 16324 | D:14     | Noticed a vault guard
 16347 | D:15     | Entered Level 15 of the Dungeon
 16641 | D:14     | Killed a vault guard
 16669 | D:14     | Noticed a vault guard
 16679 | D:14     | Killed a vault guard
 16764 | D:14     | Found a gate to the Vaults.
 16781 | D:14     | Noticed a vault guard
 16789 | D:14     | Killed a vault guard
 17267 | D:14     | Killed Azrael
 17299 | D:14     | Noticed an entropy weaver
 17308 | D:14     | Killed an entropy weaver
 17898 | D:14     | Reached skill level 10 in Crossbows
 17950 | D:15     | Noticed a vault guard
 17950 | D:15     | Noticed a great orb of eyes
 17959 | D:15     | Killed a vault guard
 17959 | D:15     | Killed a great orb of eyes
 18210 | D:15     | Noticed a frost giant
 18223 | D:15     | Noticed Rupert
 18225 | D:15     | Paralysed by a hornet for 3 turns
 18733 | D:13     | Reached XP level 14. HP: 135/135 MP: 20/20
 18833 | Orc:1    | Entered Level 1 of the Orcish Mines
 18833 | Orc:1    | Noticed Gastronok
 18853 | Orc:1    | Killed Gastronok
 18917 | Orc:1    | Found Zoadwa's Gadget Emporium.
 19028 | Orc:2    | Entered Level 2 of the Orcish Mines
 19092 | Orc:2    | Noticed Jorgrun
 19098 | Orc:2    | Killed Jorgrun
 19180 | Orc:2    | Noticed Nessos
 19195 | Orc:2    | Killed Nessos
 19698 | Orc:2    | Found a staircase to the Elven Halls.
 20083 | Orc:2    | Found a roughly hewn altar of Beogh.
 20089 | Orc:2    | Reached ****** piety under the Shining One
 20290 | Orc:2    | Noticed an orc warlord
 20291 | Orc:2    | Found Irhesud's Weapon Boutique.
 20605 | Orc:2    | Noticed an orc warlord
 20621 | Orc:2    | Killed an orc warlord
 21064 | Orc:2    | Noticed an orc warlord
 21093 | Orc:2    | Killed an orc warlord
 21111 | Orc:2    | Reached skill level 10 in Invocations
 21187 | Orc:2    | Found a roughly hewn altar of Beogh.
 21338 | Orc:2    | Killed an orc warlord
 21345 | Orc:2    | Found Keemeg's Distillery.
 21700 | Orc:2    | Bought a +1 arbalest of velocity for 232 gold pieces
 21971 | Orc:2    | Bought a potion of curing for 33 gold pieces
 21971 | Orc:2    | Bought 2 potions of curing for 66 gold pieces
 21971 | Orc:2    | Bought a potion of heal wounds for 55 gold pieces
 21971 | Orc:2    | Bought a potion of curing for 33 gold pieces
 21971 | Orc:2    | Bought a potion of curing for 33 gold pieces
 22063 | Orc:2    | Found Uwodacump's Assorted Antiques.
 22301 | Orc:2    | Bought a scroll of identify for 46 gold pieces
 22357 | Orc:2    | Found Xohougemp's Antique Weapon Emporium.
 22371 | Orc:2    | Gained mutation: You are agile. (Dex +2) [a neqoxec]
 22751 | Elf:1    | Entered Level 1 of the Elven Halls
 23017 | D:9      | Noticed Pikel
 23044 | D:9      | Killed Pikel
 23044 | D:9      | Reached XP level 15. HP: 147/147 MP: 23/23
 23300 | D:9      | Found a shattered altar of Ashenzari.
 23300 | D:9      | Found an ornate altar of the Wu Jian Council.
 23312 | D:9      | Found a shimmering altar of Xom.
 23314 | D:9      | Found a hazy altar of Hepliaklqana.
 23315 | D:9      | Found a faded altar of an unknown god.
 24671 | D:15     | Noticed Kirke
 24676 | D:15     | Killed Kirke
 24700 | D:15     | Got a transparent brass ring
 24717 | D:15     | Found a shimmering altar of Xom.
 24726 | D:15     | Identified the ring of Fadett {-Tele rElec rN+ Str+2 Int+4}
                  | (You found it on level 15 of the Dungeon)
 24808 | D:15     | Paralysed by a great orb of eyes for 5 turns
 24835 | D:15     | Paralysed by a great orb of eyes for 7 turns
 25212 | D:15     | Found an opulent altar of Gozag.
 25256 | D:15     | Killed a frost giant
 25474 | D:15     | Got a crude brass ring
 25682 | D:15     | Identified the ring of Coronation {-Tele +Inv rF+ Str+5}
                  | (You found it on level 15 of the Dungeon)
 25757 | D:15     | Identified the +3 ice dragon scales of the Morning Star
                  | {rF- rC++ Str+2}
 25903 | D:15     | Found a staircase to the Depths.
 25950 | D:15     | Got an ancient granite ring
 26773 | D:15     | Noticed a fire giant
 26784 | D:15     | Killed a fire giant
 26813 | D:15     | Identified the ring of Midnight {rElec Str+4 Int+6 Stlth-}
                  | (You found it on level 15 of the Dungeon)
 27003 | D:15     | Found a hide-covered altar of Uskayaw.
 27049 | D:14     | Paralysed by Rupert for 6 turns
 27115 | D:14     | Killed Rupert
 27115 | D:14     | Reached XP level 16. HP: 135/161 MP: 24/26
 27381 | Lair:1   | Entered Level 1 of the Lair of Beasts
 28049 | Lair:1   | Got a steaming cloak
 28060 | Lair:1   | Identified the cursed -2 cloak "Xotasuf" {rPois MR+ Str+3}
                  | (You found it on level 1 of the Lair of Beasts)
 28318 | Lair:2   | Found a staircase to the Swamp.
 28888 | Lair:2   | Found a runed translucent gate.
 28889 | Lair:2   | Found a runed translucent gate.
 28891 | Lair:2   | Found a runed translucent gate.
 28906 | Lair:2   | Noticed Platt's ghost (journeyman MiBe)
 28927 | Lair:2   | Noticed Nergalle
 28932 | Lair:2   | Killed Nergalle
 29063 | Lair:2   | Found a staircase to the Snake Pit.
 29305 | Lair:3   | Found a glowing golden altar of the Shining One.
 29667 | Lair:3   | Reached skill level 17 in Axes
 31796 | Lair:5   | Reached skill level 18 in Axes
 32272 | Lair:5   | Found a staircase to the Slime Pits.
 32549 | Lair:6   | Entered Level 6 of the Lair of Beasts
 32644 | Lair:6   | Found a runed translucent door.
 32772 | Lair:6   | Found a dark tunnel.
 32780 | Volcano  | Entered a volcano
 32960 | Volcano  | Reached skill level 10 in Armour
 33135 | Volcano  | Found a burning altar of Makhleb.
 33141 | Volcano  | Reached XP level 17. HP: 98/170 MP: 27/27
 33271 | Volcano  | Learned a level 2 spell: Blink
 34100 | Lair:6   | Reached XP level 18. HP: 147/178 MP: 28/28
 34660 | Lair:6   | Reached skill level 5 in Translocations
 35757 | Swamp:1  | Entered Level 1 of the Swamp
 37700 | Swamp:3  | Found a frozen archway.
 37722 | IceCv    | Entered an ice cave
 38247 | IceCv    | Noticed an Ice Fiend
 38255 | IceCv    | Killed an Ice Fiend
 39210 | Swamp:4  | Entered Level 4 of the Swamp
 39248 | Swamp:4  | Reached skill level 15 in Armour
 40071 | Swamp:4  | Reached XP level 19. HP: 185/185 MP: 29/29
 40113 | Swamp:4  | Noticed a tentacled monstrosity
 40127 | Swamp:4  | Killed a tentacled monstrosity
 40585 | Swamp:4  | Got a decaying rune of Zot
 41885 | Elf:1    | Found a shimmering blue altar of Sif Muna.
 42004 | Elf:1    | Identified the cursed +1 spear "Irphuerr" {freeze, Fragile
                  | Dex+4}
 42026 | Elf:1    | Noticed an Ice Fiend
 42031 | Elf:1    | Noticed a Brimstone Fiend
 42033 | Elf:1    | Noticed an Ice Fiend
 42729 | Elf:1    | Found a runed translucent gate.
 42729 | Elf:1    | Found a runed translucent gate.
 42729 | Elf:1    | Found a runed translucent gate.
 42729 | Elf:1    | Found a runed translucent gate.
 42729 | Elf:1    | Found a runed translucent gate.
 42733 | Elf:1    | Found a runed translucent gate.
 42902 | Elf:1    | Noticed Donald
 42919 | Elf:1    | Killed Donald
 43437 | Elf:2    | Reached skill level 19 in Axes
 43816 | Elf:2    | Found a runed translucent gate.
 43816 | Elf:2    | Found a runed translucent gate.
 43817 | Elf:2    | Found a runed translucent gate.
 45139 | Elf:2    | Identified a +2 executioner's axe of holy wrath (a +0
                  | executioner's axe of pain blessed by the Shining One)
 45139 | Elf:2    | Received a gift from the Shining One
 45631 | Elf:2    | Reached XP level 20. HP: 117/193 MP: 30/30
 46273 | Elf:1    | Reached skill level 20 in Axes
 46806 | Snake:1  | Entered Level 1 of the Snake Pit
 47142 | Snake:1  | Noticed Aizul
 47151 | Snake:1  | Killed Aizul
 47405 | Snake:1  | Found a shattered altar of Ashenzari.
 47980 | Snake:2  | Noticed Nikola
 47981 | Snake:2  | Noticed Frances
 47996 | Snake:2  | Killed Frances
 48000 | Snake:2  | Killed Nikola
 48127 | Snake:1  | Reached skill level 15 in Crossbows
 50394 | Snake:4  | Entered Level 4 of the Snake Pit
 51048 | Snake:4  | Reached XP level 21. HP: 120/201 MP: 31/31
 51741 | Snake:4  | Found a shadowy altar of Dithmenos.
 52794 | Snake:4  | Got a serpentine rune of Zot
 53246 | Vaults:1 | Entered Level 1 of the Vaults
 55710 | Vaults:1 | Reached skill level 21 in Axes
 56250 | Vaults:1 | Got a transparent plate armour
 56261 | Vaults:1 | Identified the +2 plate armour of Circular Logic {+Fly MP+9
                  | Str+2} (You found it on level 1 of the Vaults)
 56300 | Vaults:1 | Reached XP level 22. HP: 209/209 MP: 32/32
 56303 | Vaults:1 | Reached skill level 22 in Axes
 58152 | Vaults:2 | Found Bybbas's Armour Shoppe.
 58162 | Vaults:2 | Noticed Mennas
 58909 | Vaults:3 | Found a staircase to the Crypt.
 58947 | Crypt:1  | Entered Level 1 of the Crypt
 59002 | Crypt:1  | Reached skill level 23 in Axes
 59756 | Crypt:1  | Reached skill level 24 in Axes
 60538 | Vaults:3 | You fall into a shaft and drop 1 floor!
 61104 | Vaults:4 | Gained mutation: You are weak. (Str -2) [a neqoxec]
 61105 | Vaults:4 | Cast into level 2 of the Abyss (a deep elf demonologist)
 61150 | Vaults:4 | Escaped the Abyss
 61158 | Vaults:4 | Reached skill level 25 in Axes
 61216 | Vaults:4 | Noticed Sojobo
 61229 | Vaults:4 | Killed Sojobo
 61231 | Vaults:4 | HP: 5/209 [battlesphere[Sojobo] (11)]
 61334 | Vaults:4 | Hit by a large rock thrown by a stone giant

Levels and vault maps discovered:
D:1:      dpeg_arrival_houses_and_road, layout_basic, minivault_11, st_stairs_6
D:2:      layout_basic, gammafunk_temple_overflow_pools, first_ration,
          minmay_cut_off, uniq_robin, uniq_terence
D:3:      cheibrodos_thug_alley, layout_basic
D:4:      layout_cave_pools, grunt_temple_overflow_open,
          minmay_temple_entry_nine_rooms, grunt_gozag_breadcrumbs, uniq_duvessa
D:5:      layout_rooms
D:6:      minmay_octagon_keep, layout_loops_ring, okawaru_trees_2
D:7:      layout_basic, uniq_harold, uniq_crazy_yiuf_cottage
D:8:      layout_basic
D:9:      layout_basic, chequers_temple_overflow_minitemple,
          due_lair_maze_entry_diamond, hangedman_fish_farm, uniq_pikel
D:10:     layout_gridville
D:11:     layout_gridville, uniq_snorg, uniq_grum
D:12:     layout_gridville, ebering_ghost_rock_garden
D:13:     layout_big_octagon
D:14:     layout_stronghold, lightli_vaults_fourway_checkpoint, basic_altar,
          kennysheep_cross_room, guppyfry_shop_venom, uniq_azrael
D:15:     hangedman_spin_cycle, serial_shops, uniq_rupert
Lair:1:   layout_cave_pods, lemuel_fruit_fields
Lair:2:   layout_misc_corridors, minmay_swamp_entry_worms,
          minmay_snake_entry_spellcaster, ebering_ghost_rock_garden,
          serial_bayou_shore_b, minmay_lair_oklob_chamber, uniq_nergalle
Lair:3:   wander_river, layout_chaotic_city, basic_altar, serial_bayou_shore_b
Lair:4:   layout_regular_city, eino_house_with_fridge
Lair:5:   layout_hall_layers, minmay_slime_entry_oklob_enclosed,
          disabler_island, lemuel_fruit_tree
Lair:6:   guppyfry_lair_end_dragon, layout_hall_layers, wormcave,
          nicolae_volcano_entry_hallway
Swamp:1:  layout_basic_swamp, nicolae_swamp_dense_foliage, swamp_pool3
Swamp:2:  layout_basic_swamp, nicolae_swamp_trees_clearing
Swamp:3:  layout_falls_marsh, portal_ice_cave_entry_ice_statue_one,
          infiniplex_staircase_pool
Swamp:4:  swamp_vile, layout_basic_swamp
Snake:1:  layout_cave_shapes, basic_altar, guppyfry_library_mini,
          grunt_megastairs_2, uniq_aizul
Snake:2:  layout_rooms, uniq_frances, uniq_nikola
Snake:3:  layout_misc_corridors
Snake:4:  minmay_snake_end_coiled, layout_cave_town, basic_altar
Orc:1:    layout_caves, serial_shops, shop, uniq_fannar, uniq_gastronok,
          uniq_sonja
Orc:2:    pubby_orc_utopia, uniq_jorgrun, uniq_nessos
Elf:1:    layout_loops_cross, basic_altar, orc_legates, grunt_ministairs_4,
          uniq_donald
Elf:2:    layout_geoelf_diagonals, uniq_louise
Vaults:1: nicolae_vaults_stairing_the_circle, vaults_dpeg_hooks,
          hangedman_vaults_stagger, nicolae_vaults_border_crossing,
          nicolae_vaults_ring_of_whatevers, vaults_mumra_hex,
          nicolae_vaults_twisting_passages, nicolae_vaults_mini_display_case,
          ontoclasm_vaults_decontamination, vaults_room_door_ring,
          layout_vaults_ring
Vaults:2: v_alt_pattern_1, nicolae_vaults_what_the_h,
          nicolae_vaults_network_barrier, grunt_vaults_hallway_short,
          vaults_mumra_hexcomb, vaults_mumra_minichess,
          nicolae_vaults_ring_of_whatevers, v_rooms_3,
          ontoclasm_vaults_claustrophobia, vaults_room_boxed,
          vaults_dpeg_diagonal, nicolae_vaults_shelves_hall,
          nicolae_vaults_specimen_jars, layout_vaults_omnicross, serial_shops,
          shop, uniq_mennas
Vaults:3: v_rooms_2, v_misc_4, vaults_mumra_minichess_inversion,
          vaults_standard_mumra_lines, v_misc_8, ontoclasm_vaults_spin,
          minmay_crypt_entry_simple_corners, vaults_room_stairs_pillars,
          vaults_room_fours, v_misc_16, nicolae_vaults_asterisk,
          vaults_mumra_chevron_long, layout_vaults_big_room, serial_shops, shop
Vaults:4: nicolae_vaults_diagonal_hallway_6, nicolae_vaults_little_squares_3,
          hangedman_vaults_stream, v_rooms_1, vaults_mumra_chevron,
          grunt_vaults_hallway_short, nicolae_vaults_disjoint_gnomons,
          nicolae_vaults_bisected_slash, hangedman_vaults_stitches,
          hangedman_vaults_stretched_pinwheel, nicolae_vaults_alarming,
          v_misc_27, nicolae_vaults_little_ls, layout_vaults_omnibox,
          uniq_sojobo
Crypt:1:  layout_chaotic_city

Skill      XL: |  1  2  3  4  5  6  7  8  9 10 11 12 13 14 15 16 17 18 19 20 21 22 |
---------------+-------------------------------------------------------------------+-----
Axes           | 5 6 7 8 9 10 13 16 18 19 20 21 25 | 25.3
Shields        | 2 3 4 |  4.0
Fighting       | 3 10 14 15 17 19 20 | 20.0
Invocations    | 1 5 8 10 13 | 13.5
Armour         | 8 10 15 16 | 16.6
Crossbows      | 4 10 11 13 16 18 | 18.0
Translocations | 4 5 |  5.6
Throwing       | |  1.7
Dodging        | |  2.4

Action                   |  1- 3 |  4- 6 |  7- 9 | 10-12 | 13-15 | 16-18 | 19-21 | 22-24 || total
-------------------------+-------+-------+-------+-------+-------+-------+-------+-------++-------
Melee: War axe           |   132 |   144 |   297 |   197 |       |       |       |       ||   770
       Broad axe         |       |       |       |   198 |   670 |   615 |   183 |    34 ||  1700
       Battleaxe         |       |       |       |       |       |    52 |    20 |       ||    72
       Executioner's axe |       |       |       |       |       |       |   438 |   251 ||   689
       Arbalest          |       |       |       |       |       |       |     1 |       ||     1
 Fire: Hand crossbow     |       |       |     8 |   141 |   118 |   435 |    19 |       ||   721
       Arbalest          |       |       |       |       |       |       |   608 |    52 ||   660
Throw: Throwing net      |       |     1 |     4 |     5 |     2 |     1 |       |       ||    13
Invok: Cleansing Flame   |       |       |       |       |     2 |       |     9 |     2 ||    13
       Divine Shield     |       |       |       |       |       |     1 |     1 |       ||     2
       Summon Divine War |       |       |       |       |       |       |     2 |     4 ||     6
       Brand Weapon With |       |       |       |       |       |       |     1 |       ||     1
Evoke: Wand              |       |       |       |       |     5 |       |     1 |       ||     6
  Use: Scroll            |     2 |     4 |     8 |    13 |    11 |    12 |    17 |     6 ||    73
       Potion            |       |       |     1 |     7 |     7 |     4 |     5 |     4 ||    28
 Stab: Sleeping          |     1 |       |       |       |       |       |       |       ||     1
  Eat: Chunk             |     3 |     6 |    14 |     6 |    19 |    26 |    15 |    10 ||    99
       Ration            |       |       |     1 |     6 |     5 |     5 |    11 |     3 ||    31
Armor: Leather armour    |    42 |       |       |       |       |       |       |       ||    42
       Chain mail        |    12 |    69 |    62 |       |     4 |   176 |    63 |       ||   386
       Plate armour      |       |       |    50 |   221 |   271 |       |   307 |       ||   849
       Ice dragon scales |       |       |       |       |       |    68 |   205 |   128 ||   401
Dodge: Dodged            |   103 |    50 |    76 |   130 |   235 |   359 |   478 |   149 ||  1580
Block: Buckler           |       |    22 |    72 |   133 |   233 |   236 |    14 |       ||   710
       Other             |       |       |       |       |       |       |    20 |       ||    20
